 Dungeon Crawl Stone Soup version 0.30.1-4-g462c640d31 (webtiles) character file.

Game seed: 17079704018101392536

36 Peloso the Shield-Bearer (level 3, -2/49 HPs)
             Began as a Minotaur Fighter on Aug 13, 2023.
             Killed by divine providence
             ... invoked by an orc priest
              (12 damage)
             ... on level 2 of the Dungeon.
             The game lasted 00:01:45 (769 turns).

Peloso the Shield-Bearer (Minotaur Fighter)          Turns: 769, Time: 00:01:46

Health: -2/49      AC: 21    Str: 20    XL:     3   Next: 19%
Magic:  2/2        EV:  2    Int:  5    God:
Gold:   88         SH:  4    Dex: 11    Spells: 2/2 levels left

rFire   . . .        a - +0 long sword
rCold   . . .        c - +0 buckler
rNeg    . . .        b - melded +0 scale mail
rPois   +            (helmet currently unavailable)
rElec   .            (cloak currently unavailable)
rCorr   .            (gloves currently unavailable)
SInv    .            (boots currently unavailable)
Will    .....        (no amulet)
Stlth   +            (no ring)
HPRegen 0.28/turn    (no ring)
MPRegen 0.08/turn

%: no passive effects
@: tree-form
A: stationary, stasis, torment immunity, boosted hp, (horns 2), (retaliatory
headbutt)
a: no special abilities


You were on level 2 of the Dungeon.
You were a tree.
You visited 1 branch of the dungeon, and saw 2 of its levels.

You collected 88 gold pieces.

Inventory:

Hand Weapons
 a - a +0 long sword (weapon)
Armour
 b - a +0 scale mail (melded)
 c - a +0 buckler (worn)
Jewellery
 j - an amulet of the acrobat
Scrolls
 f - a scroll of identify {unknown}
 g - a scroll of enchant armour {unknown}
 h - a scroll of vulnerability {unknown}
Potions
 d - 2 potions of might


   Skills:
 + Level 4.1 Fighting
 + Level 2.8 Long Blades
 + Level 4.0 Armour
 + Level 4.3 Shields


You had 2 spell levels left.
You didn't know any spells.
Your spell library was empty.

Dungeon Overview and Level Annotations

Branches:
Dungeon (2/15)

Altars:


Innate Abilities, Weirdness & Mutations

You are a tree.
Your roots penetrate the ground, keeping you stationary.
You cannot be teleported.
You are immune to unholy pain and torment.
Your maximum health is greatly increased.
Your equipment is partially melded.
((You have a pair of horns on your head.))
((You reflexively headbutt those who attack you in melee.))


Message History

The orc priest calls down the wrath of Beogh upon you.
Beogh smites you!
You closely miss the orc.
You feel sick.
You slash the orc priest!
The orc priest is heavily wounded.
You feel sick. The orc hits you but does no damage.
The orc priest hits you with a +0 whip. The orc hits you but does no damage.
The orc priest hits you but does no damage.
You closely miss the orc priest.
The orc priest is heavily wounded.
You feel sick.
You are no longer poisoned.
The orc hits you with a +0 club.
The orc priest hits you but does no damage.
You closely miss the orc priest.
The orc priest is heavily wounded.
The orc hits you but does no damage.
The orc priest invokes the aid of Beogh against you.
Beogh smites you!
* * * LOW HITPOINT WARNING * * *
You barely miss the orc priest.
The orc priest is heavily wounded.
The orc hits you but does no damage.
The orc priest hits you but does no damage.
You block the orc's attack.
The orc priest hits you but does no damage.
You closely miss the orc priest.
The orc priest is heavily wounded.
The orc hits you but does no damage. You block the orc priest's attack.
You slash the orc priest!
The orc priest is almost dead.
The orc hits you but does no damage.
The orc priest hits you but does no damage.
Unknown command.
You hit the orc priest but do no damage.
The orc priest is almost dead.
The orc barely misses you.
The orc priest calls down the wrath of Beogh upon you.
Beogh smites you!
You die...

# #.#...######.........#
#.# #+#.... ..#.###.#.###
#.# . ....## #...# #.#.#
#.# .. .###
##...###.#.#####.# ...
.........†......#
....######.#.###.#.......#
.........#.#.# #.#######.#
.......#.#...###.######
.....<..o♣............#
...#.###o#######.####.#
#.........# #.#
#..##.###.# #.# .# #. #.#
#.# #.. .. # ... #.#
#....#. #.. ..# #....#.
#.. .# #....#. #...
+....#.


You could see an orc priest and an orc.

Vanquished Creatures
  An adder (D:2)
  An orc (D:2)
  A bat (D:2)
  3 endoplasms
  A giant cockroach (D:1)
  2 goblins (D:2)
  4 hobgoblins
  A quokka (D:2)
  A ball python (D:1)
  4 frilled lizards
  3 kobolds (D:1)
  4 rats
26 creatures vanquished.

Notes
Turn   | Place    | Note
-------+----------+-------------------------------------------
     0 | D:1      | Peloso the Minotaur Fighter began the quest for the Orb.
     0 | D:1      | Reached XP level 1. HP: 19/19 MP: 0/0
   199 | D:1      | Reached XP level 2. HP: 27/27 MP: 1/1
   442 | D:2      | Found a faded altar of an unknown god.
   629 | D:2      | Reached XP level 3. HP: 17/33 MP: 2/2
   769 | D:2      | Killed from afar by an orc priest

Illustrated notes

Levels and vault maps discovered:
D:1:      psy_arrival_whirlpool, layout_rooms
D:2:      layout_basic, basic_altar, ebering_ecumenical_altar_box,
          corner_web_ring, minmay_misc_feat_four_crosses

Skill      XL: |  1  2 |
---------------+-------+-----
Shields        | 4 |  4.3
Fighting       | 4 |  4.1
Armour         | 4 |  4.0
Long Blades    | |  2.8

Action                     || total
---------------------------++-------
  Melee: Long sword        ||    80
         Headbutt          ||    10
    Use: Scroll            ||     3
         Potion            ||     4
 Armour: Scale mail        ||    40
         Skin              ||    13
  Dodge: Dodged            ||    37
  Block: Buckler           ||    17
